 Dungeon Crawl Stone Soup version 0.31-a0-532-g28f74ba3e5 (webtiles) character file.

Game seed: 4942172468069638454

120 bobarctor the Insei (level 4, -8/35 HPs)
             Began as a Demonspawn Monk on Aug 13, 2023.
             Blown up by Ijyb (9 damage)
             ... with a mindburst bolt
             ... on level 3 of the Dungeon.
             The game lasted 00:09:22 (1893 turns).

bobarctor the Insei (Demonspawn Monk)               Turns: 1893, Time: 00:09:23

Health: -8/35      AC:  3    Str: 11    XL:     4   Next: 75%
Magic:  14/14      EV: 13    Int: 13    God:
Gold:   21         SH:  0    Dex: 16    Spells: 2/5 levels left

rFire   . .          .
                       - Unarmed
rCold   . . .        c - orb {light}
rNeg    . . .        a - +0 robe
rPois   .            m - +0 helmet
rElec   .            (no cloak)
rCorr   .            (no gloves)
SInv    .            (no boots)
Will    .....        (no amulet)
Stlth   +            j - ring of magical power
HPRegen 0.25/turn    (no ring)
MPRegen 0.14/turn

%: no passive effects
@: glowing
A: hooves 2, ignite blood 1
a: no special abilities


You were on level 3 of the Dungeon.
You visited 1 branch of the dungeon, and saw 3 of its levels.

You collected 96 gold pieces.
You spent 75 gold pieces at shops.

Inventory:

Hand Weapons
 i - a +0 sling
Missiles
 f - 6 stones
 n - 5 javelins (quivered)
Armour
 a - a +0 robe (worn)
 c - an orb of light (worn)
 l - +0 fire dragon scales
 m - a +0 helmet (worn)
Magical Staves
 p - a staff of air
Jewellery
 j - a ring of magical power (left hand)
Talismans
 q - a maw talisman
 s - a maw talisman
Scrolls
 e - a scroll of identify {unknown}
 g - 2 scrolls of torment {unknown}
 h - a scroll of poison {unknown}
 k - a scroll of enchant weapon {unknown}
 o - a scroll of enchant armour {unknown}
 r - a scroll of revelation
Potions
 b - a potion of ambrosia
 d - a potion of haste {unknown}


   Skills:
 + Level 3.4 Fighting
 + Level 3.2 Dodging
 + Level 3.6 Unarmed Combat
 * Level 1.3 Spellcasting
 * Level 0.7 Conjurations
 * Level 0.4 Air Magic
 * Level 1.0 Poison Magic


You had 2 spell levels left.
You knew the following spells:

 Your Spells              Type           Power      Damage    Failure   Level
a - Mephitic Cloud        Conj/Pois/Air  2%         N/A       52%         3

Your spell library contained the following spells:

 Spells                   Type           Power      Damage    Failure   Level
 Poisonous Vapours        Pois/Air       4%         N/A       30%         2
 Freezing Cloud           Conj/Ice/Air   0%         6-21      100%        5


Dungeon Overview and Level Annotations

Branches:
Dungeon (3/15)

Altars:

Shops:
D:2 !?:

Annotations:
D:3 Ijyb


Innate Abilities, Weirdness & Mutations

You have hoof-like feet.
Your demonic aura sometimes causes spilled blood to erupt in flames.


Message History

This square is lit by a halo.
Casting: Mephitic Cloud (extremely dangerous; 52% risk of failure)
Confirm with . or Enter, or press ? or * to list all spells.
Okay, then.
Ijyb zaps a wand.
Your mind is blasted!
You hit Ijyb.
Ijyb is lightly wounded.
Ijyb screams, "It's all mine!"
Ijyb closely misses you.
You hit Ijyb but do no damage. You kick Ijyb.
Ijyb is lightly wounded.
Ijyb hits you with a +0 club.
You hit Ijyb.
Ijyb is moderately wounded.
Ijyb zaps a wand.
You barely resist. You barely miss Ijyb. You kick Ijyb, but do no damage.
Ijyb is moderately wounded.
Ijyb screams, "Me kill you!" Ijyb misses you.
You hit Ijyb but do no damage.
Ijyb is moderately wounded.
Ijyb hits you with a +0 club.
You barely miss Ijyb.
Ijyb is moderately wounded.
Ijyb hits you with a +0 club.
You barely miss Ijyb. You kick Ijyb.
Ijyb is moderately wounded.
Ijyb hits you but does no damage.
You hit Ijyb but do no damage.
Ijyb is moderately wounded.
Ijyb hits you with a +0 club.
You hit Ijyb but do no damage. You kick Ijyb.
Ijyb is heavily wounded.
Ijyb zaps a wand.
Your mind is blasted!
* * * LOW HITPOINT WARNING * * *
You barely miss Ijyb.
Ijyb is heavily wounded.
Ijyb screams, "Me kill you!"
Ijyb zaps a wand.
Your mind is blasted!
You die...

######<#
#......#
#......####
#...........
#[.....####.
#.)....#
###.##.# #####
#.##.###......
#.##..@g......
#.######.#####
#.# # #.# #.#


You could see Ijyb.

Vanquished Creatures
  Robin (D:2)
  3 gnolls (D:2)
  3 adders
  2 worms
  An orc (D:3)
  7 ball pythons
  3 bats (D:2)
  3 endoplasms
  11 goblins
  3 hobgoblins
  4 quokkas (D:1)
  A frilled lizard (D:2)
  A kobold (D:2)
  3 rats (D:2)
46 creatures vanquished.

Notes
Turn   | Place    | Note
-------+----------+-------------------------------------------
     0 | D:1      | bobarctor the Demonspawn Monk began the quest for the Orb.
     0 | D:1      | Reached XP level 1. HP: 18/18 MP: 1/1
   492 | D:1      | Gained mutation: You have large cloven feet. [demonic
                  | ancestry]
   492 | D:1      | Reached XP level 2. HP: 24/24 MP: 2/2
   784 | D:2      | Noticed Robin
   980 | D:2      | Killed Robin
   981 | D:2      | Gained mutation: Your demonic aura sometimes causes spilled
                  | blood to erupt in flames. [demonic ancestry]
   981 | D:2      | Reached XP level 3. HP: 22/29 MP: 3/3
  1008 | D:2      | Learned a level 3 spell: Mephitic Cloud
  1024 | D:2      | Found a faded altar of an unknown god.
  1116 | D:2      | Found a transporter.
  1118 | D:2      | Found Caontier's Distillery.
  1216 | D:2      | Reached skill level 1 in Spellcasting
  1225 | D:2      | Found Ariluu's Magic Scroll Shop.
  1233 | D:2      | Bought a scroll of revelation for 75 gold pieces
  1300 | D:2      | Gained mutation: You have hoof-like feet. [demonic
                  | ancestry]
  1300 | D:2      | Reached XP level 4. HP: 26/35 MP: 5/5
  1342 | D:2      | Noticed a walking divine tome
  1387 | D:2      | Found Ulasuff's Book Emporium.
  1387 | D:2      | Noticed a walking divine tome
  1674 | D:2      | Found a transporter.
  1802 | D:2      | Reached skill level 1 in Poison Magic
  1881 | D:3      | Noticed Ijyb
  1892 | D:3      | HP: 1/35 [disintegration (15)]
  1893 | D:3      | Blown up by Ijyb

Illustrated notes

Levels and vault maps discovered:
D:1:      giann_bridges, layout_loops_ring
D:2:      layout_basic, basic_ecumenical_altar, serial_shops,
          nicolae_shop_mannequins, nicolae_shop_crystal, nicolae_shop_drivethru,
          uniq_robin
D:3:      layout_loops_ring, uniq_ijyb, uniq_crazy_yiuf_cottage

Skill      XL: |  1  2  3  4 |
---------------+-------------+-----
Unarmed Combat | 3 |  3.6
Dodging        | 3 |  3.2
Spellcasting   | 1 |  1.3
Poison Magic   | 1 |  1.0
Fighting       | |  3.4
Conjurations   | |  0.7
Air Magic      | |  0.4

Action                     |  1- 3 |  4- 6 || total
---------------------------+-------+-------++-------
  Melee: Unarmed           |    85 |    46 ||   131
         Kick              |    20 |    17 ||    37
   Fire: Sling             |     4 |       ||     4
  Throw: Stone             |     3 |       ||     3
         Javelin           |     5 |     2 ||     7
 Armour: Robe              |     9 |     7 ||    16
         Fire dragon scale |    15 |       ||    15
  Dodge: Dodged            |    53 |    19 ||    72

Table legend: (Time is in decaauts)
 A = Elapsed time spent in this place.
 B = Non-inter-level travel time spent in this place.
 C = Inter-level travel time spent in this place.
 D = Time resting spent in this place.
 E = Time spent auto-exploring this place.
 F = Levels seen in this place.
 G = Mean time per level.
                   A        B        C        D        E       F      G
               +--------+--------+--------+--------+--------+-----+--------+
         Total |   1892 |   1788 |    104 |    204 |   1053 |   3 |  630.7 |
       Dungeon |   1892 |   1788 |    104 |    204 |   1053 |   3 |  630.7 |
               +--------+--------+--------+--------+--------+-----+--------+

Top non-repeatable levels by time:
     D:2: 937 daAuts
     D:1: 923 daAuts
     D:3: 31 daAuts
